 Dungeon Crawl Stone Soup version 0.29.1-1-gd02db69 (webtiles) character file.

Game seed: 9314491448192608538

2365 Orion the Fighter (level 9, -8/82 HPs)
             Began as a Minotaur Fighter on Apr 2, 2023.
             Was a Priest of Okawaru.
             Mangled by Kel's ghost (15 damage)
             ... on level 7 of the Dungeon.
             The game lasted 01:14:28 (7554 turns).

Orion the Fighter (Minotaur Fighter)                Turns: 7554, Time: 01:14:30

Health: -8/82      AC: 19    Str: 24    XL:     9   Next: 21%
Magic:  7/8        EV:  5    Int:  5    God:    Okawaru [***...]
Gold:   405        SH: 10    Dex: 11    Spells: 8/8 levels left

rFire   . . .      SeeInvis .   x - +1 war axe (vorpal)
rCold   . . .      Faith    .   l - +0 kite shield
rNeg    . . .      Spirit   .   n - +0 plate armour
rPois   .          Reflect  .   (helmet restricted)
rElec   .          Harm     .   (no cloak)
rCorr   .          Rampage  .   h - +2 pair of gloves
Will    .....                   B - +1 pair of boots
Stlth   ..........              (no amulet)
HPRegen 0.23/turn               (no ring)
MPRegen 0.11/turn               (no ring)

@: no status effects
A: horns 2, retaliatory headbutt
a: Renounce Religion, Heroism


You were on level 7 of the Dungeon.
You worshipped Okawaru.
Okawaru was most pleased with you.
You visited 2 branches of the dungeon, and saw 8 of its levels.

You collected 405 gold pieces.

Inventory:

Hand Weapons
 x - a +1 vorpal war axe (weapon)
 E - the +4 morningstar of the Median {holy, Int+4}
   (You found it on level 6 of the Dungeon)

   It has been blessed by the Shining One to cause great damage to the undead
   and demons.
   Int:       It affects your intelligence (+4).
Missiles
 e - 11 poisoned darts (quivered)
 y - 11 stones
 D - 2 boomerangs
 F - 2 throwing nets
Armour
 h - a +2 pair of gloves (worn)
 l - a +0 kite shield (worn)
 n - a +0 plate armour (worn)
 B - a +1 pair of boots (worn)
Jewellery
 C - a ring of protection from cold
Wands
 A - a wand of flame (18)
 G - a wand of polymorph (11)
Scrolls
 b - 3 scrolls of teleportation {unknown}
 i - 6 scrolls of noise
 k - 4 scrolls of identify
 q - a scroll of acquirement {unknown}
 r - 5 scrolls of vulnerability {unknown}
 t - 2 scrolls of enchant armour
 u - a scroll of poison {unknown}
 v - a scroll of fear {unknown}
 z - a scroll of silence {unknown}
 I - a scroll of amnesia {unknown}
 J - a scroll of blinking {unknown}
 L - a scroll of torment {unknown}
 M - a scroll of magic mapping {unknown}
Potions
 a - a potion of brilliance {unknown}
 c - 2 potions of ambrosia {unknown}
 d - a potion of might
 f - 2 potions of flight {unknown}
 g - 2 potions of haste {unknown}
 j - 4 potions of curing {unknown}
 m - a potion of heal wounds {unknown}
 o - a potion of magic {unknown}
 p - a potion of attraction {unknown}
 s - 2 potions of cancellation {unknown}
 w - a potion of experience {unknown}
 H - a potion of lignification {unknown}
 K - a potion of berserk rage {unknown}


   Skills:
 + Level 8.3 Fighting
 + Level 7.7 Axes
 + Level 8.2 Armour
 + Level 8.2 Shields


You had 8 spell levels left.
You didn't know any spells.
Your spell library contained the following spells:

 Spells                   Type           Power      Damage    Failure   Level
 Sting                    Tmut/Pois      0%         1d3       100%        1
 Ensorcelled Hibernation  Hex/Ice        0%         N/A       100%        2
 Passwall                 Tmut/Erth      0%         N/A       100%        2
 Poisonous Vapours        Pois/Air       0%         N/A       100%        2
 Sublimation of Blood     Necr           0%         N/A       100%        2
 Wereblood                Tmut           0%         N/A       100%        2
 Portal Projectile        Hex/Tloc       0%         N/A       100%        3
 Spider Form              Tmut/Pois      0%         N/A       100%        3
 Swiftness                Air            0%         N/A       100%        3
 Anguish                  Hex/Necr       0%         N/A       100%        4
 Leda's Liquefaction      Hex/Erth       0%         N/A       100%        4
 Olgreb's Toxic Radiance  Pois           0%         N/A       100%        4
 Call Canine Familiar     Summ           Unusable   N/A       N/A         3
 Summon Hydra             Summ           Unusable   N/A       N/A         7

Dungeon Overview and Level Annotations

Branches:
Dungeon (7/15)             Temple (1/1) D:4

Altars:
Ashenzari
Cheibriados
Dithmenos
Elyvilon
Fedhas
Gozag
Hepliaklqana
Makhleb
Nemelex Xobeh
Okawaru
Qazlal
Ru
Sif Muna
Trog
Uskayaw
Vehumet
Wu Jian
Yredelemnul
Zin
The Shining One

Shops:
D:5 *=((*   D:6 (

Annotations:
D:7 Kel's ghost, novice TrFi; ttag's ghost, novice MiBe


Innate Abilities, Weirdness & Mutations

You have a pair of horns on your head.
You reflexively headbutt those who attack you in melee.


Message History

You hit Kel's ghost but do no damage. Your headbutt misses Kel's ghost.
Kel's ghost is moderately damaged.
Kel's ghost hits you but does no damage.
You gain the combat prowess of a mighty hero.
You block Kel's ghost's attack.
You hit Kel's ghost.
Kel's ghost is moderately damaged.
You block Kel's ghost's attack.
You closely miss Kel's ghost.
Kel's ghost is moderately damaged.
Kel's ghost hits you but does no damage.
You slash Kel's ghost!
Kel's ghost is moderately damaged.
Kel's ghost hits you.
You hit Kel's ghost.
Kel's ghost is heavily damaged.
You block Kel's ghost's attack.
You hit Kel's ghost but do no damage.
Kel's ghost is heavily damaged.
Kel's ghost hits you!
You hit Kel's ghost but do no damage.
Kel's ghost is heavily damaged.
Kel's ghost keens inconsolably.
Kel's ghost hits you but does no damage.
You slice Kel's ghost!!
Kel's ghost is severely damaged.
Kel's ghost hits you!!
You slash Kel's ghost!
Kel's ghost is almost destroyed.
You block Kel's ghost's attack.
You closely miss Kel's ghost.
Kel's ghost is almost destroyed.
Kel's ghost barely misses you.
You hit Kel's ghost but do no damage.
Kel's ghost is almost destroyed.
You feel like a meek peon again. Kel's ghost hits you!!
* * * LOW HITPOINT WARNING * * *
Kel's ghost attacks as you move away! Kel's ghost hits you!
You die...

#.......##############..........
#.......##.............#########
#............###################
##..............................
#............############...###.
#.......##...# #.#.##..
#.......##...###### #.#.#...
##.....#####......## #.#.#...
##...## ##..@#..######.......
##### ###W#...##....#.....
#.#.........##>...
#W#...............
#.#...#...#.##....
##.........#.......
##..................
####..#................
#......................


You could see Kel's ghost and ttag's ghost.

Vanquished Creatures
  Maggie (D:7)
  Menkaure (D:7)
  3 water moccasins
  2 ice beasts
  A black bear (D:5)
  An ogre (D:6)
  A centaur (D:7)
  A phantom (D:2)
  A bullfrog (D:6)
  A necrophage (D:6)
  2 gnoll sergeants
  An electric eel (D:6)
  2 howler monkeys (D:7)
  4 hounds
  A jelly (D:6)
  4 orc priests
  Terence (D:3)
  4 iguanas
  3 orc wizards
  9 gnolls
  9 adders
  6 white imps
  3 worms (D:2)
  5 dart slugs
  16 orcs
  5 ball pythons
  6 bats
  8 endoplasms
  5 goblins
  7 hobgoblins
  4 jackals (D:5)
  5 kobolds
  3 quokkas
  7 frilled lizards
  A rat (D:1)
134 creatures vanquished.

Vanquished Creatures (others)
  16 plants (D:1)
16 creatures vanquished.

Grand Total: 150 creatures vanquished

Notes
Turn   | Place    | Note
-------+----------+-------------------------------------------
     0 | D:1      | Orion the Minotaur Fighter began the quest for the Orb.
     0 | D:1      | Reached XP level 1. HP: 19/19 MP: 0/0
    78 | D:1      | Found a faded altar of an unknown god.
   111 | D:1      | Reached XP level 2. HP: 27/27 MP: 1/1
   780 | D:1      | Reached XP level 3. HP: 33/33 MP: 2/2
   935 | D:2      | Noticed a phantom
   968 | D:2      | Killed a phantom
   969 | D:2      | Reached XP level 4. HP: 23/41 MP: 3/3
   969 | D:2      | Reached XP level 5. HP: 27/47 MP: 4/4
  1154 | D:2      | Found an opulent altar of Gozag.
  1776 | D:3      | Noticed Terence
  1788 | D:3      | Killed Terence
  2002 | D:3      | Reached skill level 5 in Fighting
  2012 | D:3      | Reached skill level 5 in Armour
  2012 | D:3      | Reached skill level 5 in Shields
  2526 | D:4      | Reached XP level 6. HP: 56/56 MP: 5/5
  2709 | D:4      | Found a staircase to the Ecumenical Temple.
  2718 | Temple   | Entered the Ecumenical Temple
  3067 | Temple   | Became a worshipper of Warmaster Okawaru
  3661 | D:5      | Entered Level 5 of the Dungeon
  3741 | D:5      | Noticed a water moccasin
  3764 | D:5      | Killed a water moccasin
  3765 | D:5      | Reached skill level 5 in Axes
  3765 | D:5      | Reached XP level 7. HP: 32/62 MP: 6/6
  3981 | D:5      | Found Cimaj's Jewellery Shoppe.
  4018 | D:5      | Found Xaxauv's General Store.
  4049 | D:5      | Found Sefuugh's Antique Weapon Boutique.
  4136 | D:5      | Reached * piety under Okawaru
  4190 | D:5      | Found Loapnoax's General Store.
  4660 | D:5      | Found Motwarry's Antique Weapon Shop.
  5006 | D:6      | Reached ** piety under Okawaru
  5007 | D:6      | Reached XP level 8. HP: 54/71 MP: 7/7
  5630 | D:6      | Identified the +4 morningstar of the Median {holy, Int+4}
  6120 | D:6      | Found Vipangad's Antique Weapon Shop.
  6136 | D:6      | Found a broken altar of Ashenzari.
  6459 | D:7      | Noticed Maggie
  6477 | D:7      | Killed Maggie
  6477 | D:7      | Reached *** piety under Okawaru
  6478 | D:7      | Reached XP level 9. HP: 9/81 MP: 8/8
  6826 | D:7      | Noticed Menkaure
  7076 | D:7      | Killed Menkaure
  7260 | D:7      | Found a runed translucent gate.
  7260 | D:7      | Found a runed translucent gate.
  7261 | D:7      | Noticed Kel's ghost (novice TrFi)
  7262 | D:7      | Found a runed translucent gate.
  7262 | D:7      | Noticed ttag's ghost (novice MiBe)
  7554 | D:7      | Mangled by Kel's ghost

Illustrated notes

Levels and vault maps discovered:
D:1:      roderic_crop_circles_arrival_small, layout_basic,
          hellmonk_ecumenical_altar_arch_garden
D:2:      layout_basic, basic_altar, grunt_ministairs_10,
          kennysheep_generic_room_5
D:3:      layout_basic, uniq_terence
D:4:      layout_loops_ring, minmay_temple_entry_poolview, kennysheep_doodads,
          hangedman_abyss_or_decor_stabs
D:5:      layout_loops_ring, serial_shops, nicolae_stop_n_shop_1,
          kennysheep_mini_moat, shop_fountains, shop_statue, shop,
          kennysheep_generic_room_8
D:6:      layout_basic, kennysheep_little_box, serial_shops, shop,
          hangedman_decor_points, nicolae_lava_and_water
D:7:      layout_rooms, gammafunk_ghost_cemetery, uniq_maggie, uniq_menkaure
Temple:   compressed_dpeg_triangle_lava_temple

Skill      XL: |  1  2  3  4  5  6  7  8  9 |
---------------+----------------------------+-----
Fighting       | 4 5 6 7 8 |  8.3
Shields        | 4 5 6 7 8 |  8.2
Armour         | 4 5 6 7 8 |  8.2
Axes           | 3 4 5 6 7 |  7.7

Action                   |  1- 3 |  4- 6 |  7- 9 || total
-------------------------+-------+-------+-------++-------
Melee: War axe           |    97 |   121 |   157 ||   375
       Headbutt          |    10 |    21 |    20 ||    51
       Morningstar       |       |       |    17 ||    17
Throw: Dart              |     1 |       |     5 ||     6
Invok: Heroism           |       |       |     2 ||     2
  Use: Scroll            |       |     2 |       ||     2
Armor: Scale mail        |     9 |       |       ||     9
       Plate armour      |    57 |    66 |   109 ||   232
Dodge: Dodged            |    33 |    30 |    48 ||   111
Block: Buckler           |    20 |    25 |     4 ||    49
       Kite shield       |       |       |    88 ||    88
